AoeStats
← Chris77A

Black Forest

503812463Analyzed
2v2 RM · 1mo ago on Sep 2, 2026· 70m 45s· 4 players
Game mode
Random Map
Map size
Medium (4 player)
Population
200
Speed
Normal
Resources
Standard
Victory
Conquest
Starting age
Dark Age
Ending age
Imperial Age
RankedLock teamsTeams togetherTeam positionsShared explorationLock speedFull tech treeHidden civsTurbo modeCheats
Victory
Defeat
🇬🇧 Bohemians · United Kingdom
1228
+12
🇬🇧 Teutons · United Kingdom
1192
+14
🇨🇳 Bohemians · China
1176
-14
🇳🇱 Hindustanis · Netherlands
1100
-11
HelloAOE
0:47 Loom
11:29 Feudal Age
15:46 Castle Age
13:32 Double-Bit Axe
14:13 Horse Collar
22:52 Fervor
23:03 Sanctity
27:24 Wheelbarrow
30:07 Redemption
35:43 Imperial Age
35:50 Fletching
37:11 Block Printing
39:01 Wagenburg Tactics
40:10 Chemistry
39:31 Ballistics
39:40 Bodkin Arrow
40:37 Illumination
41:04 Bracer
42:55 Scale Barding Armor
43:00 Forging
42:11 Light Cavalry
42:52 Husbandry
44:51 Chain Barding Armor
45:07 Iron Casting
44:00 Houfnice
45:47 Pikeman
47:31 Hussite Reforms
48:20 Masonry
50:11 Blast Furnace
53:59 Halberdier
54:40 Squires
56:32 Siege Engineers
56:48 Hand Cart
58:07 Siege Engineers
58:54 Devotion
60:24 Caravan
60:38 Heavy Plow
63:13 Architecture
viahortus
1:12 Loom
11:24 Feudal Age
12:52 Double-Bit Axe
15:40 Castle Age
14:17 Horse Collar
16:39 Scale Barding Armor
16:53 Bow Saw
21:11 Heavy Plow
22:04 Wheelbarrow
29:07 Imperial Age
27:11 Hand Cart
26:42 Town Watch
27:17 Padded Archer Armor
27:34 Stone Mining
28:57 Leather Archer Armor
29:38 Bloodlines
31:32 Chemistry
32:58 Siege Engineers
34:27 Ring Archer Armor
34:06 Gold Mining
34:47 Shatagni
36:02 Masonry
36:28 Conscription
38:31 Fletching
41:55 Bodkin Arrow
44:27 Husbandry
43:48 Heavy Camel Rider
44:58 Chain Barding Armor
49:14 Plate Barding Armor
49:18 Forging
52:18 Imperial Camel Rider
53:37 Iron Casting
56:54 Bracer
58:14 Light Cavalry
59:57 Ballistics
62:03 Hussar
Chris77A
0:46 Loom
14:04 Feudal Age
18:31 Castle Age
16:40 Double-Bit Axe
20:05 Wheelbarrow
21:07 Hand Cart
21:03 Fishing Lines
25:59 Town Watch
26:16 Fletching
27:02 Horse Collar
28:46 Bow Saw
29:12 Sanctity
33:48 Imperial Age
32:48 Elite Skirmisher
33:25 Bodkin Arrow
33:32 Scale Mail Armor
33:08 Pikeman
33:49 Squires
33:34 Arson
35:04 Crenellations
35:09 Scale Barding Armor
35:14 Forging
37:08 Chemistry
36:28 Ballistics
36:16 Siege Engineers
35:36 Cavalier
36:28 Bloodlines
36:59 Fortified Wall
37:12 Ballistics
36:58 Siege Engineers
37:04 Masonry
38:06 Two-Man Saw
37:09 Halberdier
38:24 Conscription
38:25 Ironclad
39:23 Paladin
40:46 Heavy Plow
41:08 Chain Barding Armor
40:49 Padded Archer Armor
41:26 Iron Casting
41:41 Ironclad
41:57 Hoardings
44:44 Plate Barding Armor
45:47 Leather Archer Armor
55:44 Ring Archer Armor
55:30 Chain Mail Armor
57:04 Gold Mining
58:21 Caravan
62:06 Plate Mail Armor
67:43 Blast Furnace
70:05 Crop Rotation
DrunkMonk
4:37 Loom
11:58 Feudal Age
13:14 Double-Bit Axe
15:13 Forging
15:09 Scale Barding Armor
22:31 Castle Age
26:10 Bow Saw
26:07 Fletching
26:18 Padded Archer Armor
27:51 Chemistry
27:40 Wheelbarrow
27:09 Horse Collar
30:14 Bodkin Arrow
33:32 Town Watch
37:07 Imperial Age
34:08 Pikeman
35:33 Fishing Lines
36:57 Leather Archer Armor
36:06 Light Cavalry
37:43 Hand Cart
40:31 Conscription
42:02 Bracer
42:32 Ring Archer Armor
42:59 Siege Engineers
44:12 Elite Skirmisher
46:02 Chain Barding Armor
47:00 Iron Casting
46:59 Husbandry
47:25 Heavy Plow
47:48 Ballistics
47:39 Masonry
46:55 Houfnice
51:02 Squires
50:48 Arson
52:49 Blast Furnace
52:08 Fervor
51:59 Devotion
52:00 Atonement
52:23 Halberdier
61:14 Faith
68:51 Caravan
Connection lost

Rejoining the realm…

Still unreachable

The connection could not be restored.

Session expired

The server has moved on; the page needs a fresh start.